Map: [ESL] Oceanborn

Players

Elazer - Winner!

  • Race: Zerg Zerg
  • Spawn Location: 5:00

SKillous

  • Race: Protoss Protoss
  • Spawn Location: 11:00

Event: ESL Spring 2024 Finals

VOD

Have the link to the VOD?

Description

Time

  • Played on: May 31, 2024, 12:46 p.m.
  • Length: 10:07

All games in this series

Show
View Real Time Build Order
Export as new Build Order

Elazer Zerg - Winner!

Build Orders: Hatch First, Roach Hydra 

Get SALT Encoding   

  12  0:00  Drone  
  13  0:12  Overlord  
  13  0:17  Drone  
  14  0:30  Drone x2  
  16  0:47  Hatchery  
  15  0:51  Drone  
  15  0:54  Drone  
  17  0:57  Drone  
  18  1:08  Extractor  
  17  1:13  Spawning Pool  
  17  1:17  Drone  
  17  1:20  Drone  
  18  1:27  Drone  
  19  1:38  Drone  
  20  1:51  Overlord  
  20  1:59  Queen x2  
  20  2:00  Drone  
  25  2:02  Zergling x2  
  26  2:10  Drone  
  26  2:11  Zergling x2  
  26  2:12  Metabolic Boost  
  28  2:21  Drone  
  28  2:22  Zergling x2  
  30  2:31  Drone  
  30  2:32  Drone  
  32  2:38  Queen  
  34  2:44  Drone, Overlord  
  35  2:53  Hatchery  
  35  2:56  Zergling x2  
  35  2:58  Spore Crawler  
  33  3:09  Drone, Queen  
  33  3:11  Drone x2  
  37  3:13  Drone  
  37  3:16  Queen  
  41  3:22  Overlord  
  41  3:24  Drone  
  41  3:26  Drone  
  43  3:37  Overlord  
  43  3:41  Drone x5  
  43  3:43  Drone x2  
  43  3:47  Drone  
  51  3:55  Queen  
  51  3:57  Spore Crawler  
  51  3:58  Spore Crawler  
  51  4:00  Drone x2  
  51  4:01  Drone  
  54  4:05  Drone x2  
  54  4:06  Drone  
  57  4:12  Overlord  
  57  4:13  Drone x2  
  57  4:16  Drone x2  
  61  4:19  Drone  
  61  4:20  Overlord  
  62  4:25  Drone x2  
  62  4:29  Drone x3  
  64  4:36  Overlord  
  64  4:37  Overlord  
  64  4:42  Drone x3, Lair  
  64  4:44  Drone  
  68  4:48  Drone x4  
  72  4:57  Extractor  
  72  4:58  Hatchery, Drone, Extractor  
  70  5:00  Drone x2  
  70  5:03  Drone x3  
  75  5:08  Drone  
  75  5:09  Drone  
  75  5:10  Roach Warren  
  75  5:12  Drone x2  
  78  5:15  Drone x3  
  78  5:17  Drone  
  78  5:19  Evolution Chamber  
  81  5:21  Drone x3  
  81  5:22  Drone x2  
  81  5:26  Extractor  
  81  5:27  Zergling x4, Extractor  
  86  5:33  Zergling x2  
  85  5:39  Overlord  
  85  5:40  Drone x2  
  78  5:45  Drone x6, Extractor  
  80  5:50  Drone x4  
  80  5:54  Drone x2  
  84  5:59  Zerg Missile Weapons Level 1  
  84  6:00  Drone  
  84  6:01  Glial Reconstitution  
  84  6:02  Hydralisk Den  
  84  6:04  Drone x2, Overlord  
  86  6:15  Overlord  
  86  6:16  Roach x8  
  102  6:22  Overlord  
  102  6:24  Zergling x2  
  102  6:25  Zergling x2  
  104  6:29  Overlord  
  104  6:32  Grooved Spines  
  104  6:36  Hydralisk x2, Roach  
  104  6:37  Roach  
  104  6:38  Overlord x2  
  109  6:40  Hydralisk x2  
  109  6:46  Spore Crawler, Drone  
  113  6:48  Roach x4  
  113  6:50  Hydralisk x3  
  127  6:55  Ravager  
  127  6:59  Roach x5  
  133  7:03  Overlord x2  
  133  7:12  Hydralisk x5  
  141  7:17  Overlord x2  
  141  7:22  Hydralisk x3  
  139  7:28  Ravager  
  139  7:29  Roach x4  
  150  7:36  Roach x5  
  157  7:40  Roach  
  157  7:41  Roach x2  
  159  7:48  Muscular Augments  
  159  7:49  Zergling x14  
  164  7:53  Ravager  
  164  7:54  Zergling x10  
  164  7:56  Ravager  
  161  7:59  Zergling x8  
  161  8:02  Zergling x4  
  159  8:08  Hydralisk x4  
  163  8:13  Roach x3  
  163  8:17  Zergling x6  
  169  8:20  Zergling x2  
  169  8:21  Zergling x6  
  165  8:30  Drone x4  
  165  8:34  Hydralisk x3  
  168  8:39  Hydralisk  
  176  8:41  Overlord  
  176  8:42  Overlord  
  176  8:55  Spore Crawler  
  175  9:00  Drone x3  
  177  9:06  Hydralisk x5  
  177  9:07  Hydralisk x2  
  189  9:13  Hydralisk x5  
  186  9:22  Roach x6  
  181  9:30  Roach x6  
  183  9:35  Hydralisk x2  
  183  9:38  Zergling x12  
Show
View Real Time Build Order
Export as new Build Order

SKillous Protoss 

Build Orders: 1 Gate Expand, Oracle Opening 

Get SALT Encoding   

  12  0:00  Probe  
  13  0:12  Probe  
  14  0:19  Pylon  
  14  0:25  Probe (Chrono Boost)  
  15  0:37  Probe (Chrono Boost)  
  15  0:40  Gateway  
  16  0:46  Probe (Chrono Boost)  
  16  0:49  Assimilator  
  17  0:51  Probe  
  18  1:03  Probe  
  19  1:16  Probe  
  20  1:26  Nexus  
  20  1:36  Cybernetics Core  
  20  1:39  Probe  
  21  1:44  Assimilator  
  21  1:51  Probe  
  22  1:54  Pylon  
  22  2:03  Probe  
  23  2:10  Adept (Chrono Boost)  
  25  2:15  Probe  
  25  2:16  Stargate  
  26  2:28  Warp Gate, Probe (Chrono Boost)  
  27  2:31  Adept (Chrono Boost)  
  29  2:38  Probe (Chrono Boost)  
  31  2:45  Gateway  
  31  2:46  Probe (Chrono Boost)  
  31  2:48  Probe (Chrono Boost)  
  32  2:52  Probe (Chrono Boost)  
  32  2:53  Adept  
  32  2:55  Probe  
  36  3:01  Oracle (Chrono Boost)  
  36  3:04  Probe  
  40  3:08  Probe  
  40  3:12  Pylon  
  41  3:16  Probe  
  42  3:20  Probe  
  43  3:30  Probe  
  43  3:32  Probe  
  49  3:35  Void Ray (Chrono Boost)  
  49  3:42  Probe  
  49  3:44  Probe  
  51  3:51  Nexus  
  51  3:52  Pylon  
  51  3:56  Probe  
  51  3:58  Probe  
  53  4:08  Probe (Chrono Boost)  
  54  4:10  Oracle, Gateway  
  54  4:14  Pylon  
  54  4:16  Probe (Chrono Boost)  
  58  4:22  Assimilator  
  58  4:24  Assimilator  
  59  4:26  Probe (Chrono Boost)  
  59  4:30  Probe (Chrono Boost)  
  60  4:34  Adept  
  60  4:35  Probe  
  63  4:38  Twilight Council  
  63  4:39  Pylon  
  63  4:40  Forge  
  63  4:41  Probe  
  64  4:47  Probe  
  64  4:50  Shield Battery  
  65  4:54  Probe (Chrono Boost)  
  65  4:59  Adept  
  68  5:00  Gateway  
  68  5:04  Gateway, Probe (Chrono Boost), Protoss Ground Weapons Level 1  
  68  5:05  Probe (Chrono Boost)  
  68  5:06  Adept  
  73  5:10  Blink (Chrono Boost)  
  73  5:11  Probe (Chrono Boost)  
  73  5:14  Probe (Chrono Boost)  
  75  5:16  Probe (Chrono Boost)  
  75  5:18  Probe (Chrono Boost)  
  76  5:23  Probe  
  76  5:25  Probe  
  78  5:30  Probe  
  79  5:35  Probe  
  79  5:37  Probe  
  79  5:42  Probe  
  80  5:45  Gateway  
  80  5:48  Gateway  
  80  5:49  Gateway  
  78  5:51  Pylon  
  78  5:54  Probe  
  78  5:56  Probe  
  71  5:58  Stalker x3  
  71  5:59  Probe  
  71  6:01  Pylon  
  71  6:02  Assimilator  
  78  6:07  Stalker, Probe  
  78  6:09  Pylon  
  81  6:13  Pylon  
  81  6:18  Oracle (Chrono Boost)  
  81  6:23  Stalker x3  
  90  6:26  Pylon  
  90  6:29  Probe  
  91  6:42  Nexus  
  91  6:44  Gateway  
  91  6:45  Pylon  
  91  6:46  Stalker x3  
  97  6:50  Stalker  
  97  6:51  Stalker  
  101  7:03  Stalker x2  
  105  7:10  Protoss Ground Weapons Level 2 (Chrono Boost)  
  105  7:15  Stalker x5  
  105  7:21  Pylon  
  115  7:29  Stalker x2  
  115  7:33  Probe  
  115  7:34  Pylon  
  115  7:35  Probe  
  117  7:41  Stalker x5  
  127  7:44  Probe  
  127  7:45  Assimilator, Probe  
  127  7:58  Stalker x3  
  123  8:09  Stalker x4  
  117  8:20  Charge (Chrono Boost)  
  117  8:21  Stalker x4  
  117  8:22  Probe x2  
  117  8:24  Probe  
  124  8:29  Probe  
  125  8:34  Probe  
  125  8:37  Stalker x3  
  125  8:39  Shield Battery  
  125  8:40  Photon Cannon  
  132  8:42  Pylon  
  132  8:44  Shield Battery  
  132  8:45  Photon Cannon  
  132  8:47  Templar Archives, Pylon  
  132  8:49  Stalker x2  
  132  8:53  Shield Battery  
  136  8:56  Sentry  
  138  9:07  Zealot x4  
  132  9:17  Stalker  
  132  9:20  Stalker x2  
  120  9:27  Stalker x4  
  120  9:29  Probe x2  
  98  9:35  Probe  
  92  9:42  Zealot  
  92  9:46  Stalker x2  
  92  9:51  Stalker x4  
  93  10:04  Stalker  
Tags
 
Add a new tag
Caveats
  • Supply blocks, unpowered buildings, or Contaminate may cause inaccurate times.
  • Supply counts are checked every 10 seconds.